Map: New Repugnancy LE

Players

Лёва

  • Race: Zerg Zerg
  • League: Diamond
  • Spawn Location: 1:00

DashDance - Winner!

  • Race: Terran Terran
  • League: Diamond
  • Spawn Location: 7:00

VOD

Have the link to the VOD?

Description

Time

  • Played on: Aug. 19, 2019, 10:41 p.m.
  • Length: 15:28
Show
View Real Time Build Order
Export as new Build Order

Лёва Zerg 

Build Orders: Hatch First, Muta Ling Bane 

Get SALT Encoding   

  12  0:09  Overlord  
  12  0:13  Drone  
  13  0:17  Drone  
  14  0:30  Drone  
  14  0:31  Drone  
  16  0:52  Hatchery  
  16  0:54  Drone  
  16  0:57  Drone  
  16  1:02  Extractor  
  16  1:11  Drone  
  17  1:20  Spawning Pool  
  17  1:22  Drone  
  17  1:26  Drone  
  18  1:37  Drone  
  19  1:49  Overlord  
  19  2:06  Queen  
  19  2:07  Metabolic Boost  
  21  2:09  Queen  
  21  2:12  Zergling x4  
  25  2:23  Drone x2  
  25  2:25  Drone  
  29  2:37  Drone x2  
  29  2:43  Overlord  
  30  2:45  Overlord  
  30  3:05  Drone x2  
  32  3:22  Hatchery, Lair  
  32  3:23  Drone  
  32  3:24  Drone x4  
  36  3:44  Drone  
  36  3:45  Drone  
  36  3:46  Baneling Nest  
  37  3:52  Extractor  
  36  3:57  Drone x2  
  36  3:58  Drone x2  
  38  4:09  Evolution Chamber, Drone x2  
  39  4:11  Evolution Chamber  
  39  4:12  Drone x3  
  41  4:17  Overlord  
  41  4:29  Drone  
  41  4:30  Spire  
  41  4:31  Drone x2  
  41  4:33  Drone  
  41  4:36  Extractor  
  41  4:38  Extractor  
  42  4:39  Drone x3  
  42  4:40  Drone x2  
  42  4:41  Queen  
  49  4:53  Drone x2  
  49  4:54  Drone  
  52  5:00  Drone  
  52  5:01  Drone x2  
  52  5:03  Drone x3  
  58  5:10  Overseer  
  58  5:14  Centrifical Hooks  
  58  5:23  Extractor  
  58  5:25  Extractor, Zergling x2  
  58  5:26  Zergling x18  
  66  5:37  Zerg Melee Weapons Level 1  
  66  5:38  Zerg Ground Armor Level 1  
  46  5:52  Zergling x2  
  46  5:53  Zergling x14  
  44  5:58  Zergling x8  
  41  6:29  Drone  
  41  6:30  Drone x2  
  41  6:32  Drone  
  45  6:33  Drone x2  
  45  6:38  Drone x4  
  51  6:46  Baneling x5  
  51  6:54  Drone x2  
  51  6:58  Drone  
  51  6:59  Drone  
  51  7:00  Drone  
  56  7:01  Queen  
  56  7:02  Drone  
  56  7:03  Drone x5  
  56  7:04  Drone  
  56  7:42  Zergling x26  
  56  7:50  Queen  
  54  8:07  Queen  
  54  8:08  Drone x2  
  54  8:11  Zerg Flyer Weapons Level 1  
  58  8:14  Overlord  
  58  8:15  Overlord x5  
  58  8:28  Baneling x10  
  58  8:29  Baneling x7  
  58  8:42  Mutalisk x3  
  64  8:51  Zerg Melee Weapons Level 2  
  64  8:57  Drone x3  
  64  8:58  Drone  
  64  8:59  Drone x2  
  64  9:00  Drone  
  71  9:09  Baneling  
  71  9:10  Baneling x8  
  71  9:22  Drone x5  
  76  9:27  Zerg Ground Armor Level 2  
  76  9:33  Drone x3  
  76  9:35  Drone  
  80  9:38  Mutalisk  
  80  9:43  Drone  
  80  9:45  Drone  
  84  9:49  Drone x2  
  86  9:54  Zergling x12  
  86  9:55  Zergling x2  
  93  10:09  Drone  
  93  10:11  Spore Crawler, Mutalisk x4  
  101  10:21  Infestation Pit  
  100  10:40  Hatchery  
  84  10:44  Extractor  
  84  10:45  Extractor  
  82  10:52  Zergling x28  
  82  10:53  Zergling x8  
  100  11:01  Zergling x2  
  56  11:12  Zergling x2  
  55  11:26  Drone x2  
  55  11:30  Drone  
  55  11:31  Drone x2  
  55  11:32  Drone x2  
  62  11:41  Zergling x2  
  62  11:42  Zergling x2  
  34  12:01  Zergling x6  
  34  12:02  Zergling x12  
  34  12:03  Queen  
  34  12:08  Drone x2  
  46  12:17  Baneling x8  
  46  12:23  Drone, Queen  
  46  12:25  Drone  
  46  12:26  Drone  
  43  12:55  Zergling x20  
  43  12:56  Zergling x8  
  57  13:03  Queen  
  57  13:05  Drone  
  60  13:08  Drone  
  61  13:14  Drone  
  62  13:22  Baneling x7  
  62  13:23  Baneling x5  
  62  13:28  Zergling x6  
  65  13:36  Zergling x6  
  68  13:46  Drone x2  
  68  13:47  Drone x3  
  73  13:49  Zergling x2  
  73  13:50  Zergling x2  
  75  13:58  Drone x2  
  75  14:07  Zergling x10  
  57  14:11  Zergling x4  
  57  14:15  Baneling x2  
  59  14:20  Zergling x2  
  59  14:21  Zergling x10  
  65  14:28  Zergling x10  
  65  14:29  Zergling x2  
  56  14:38  Zergling x2  
  56  14:39  Zergling x6  
Show
View Real Time Build Order
Export as new Build Order

DashDance Terran - Winner!

Build Orders: Reaper Expand 

Get SALT Encoding   

  12  0:01  SCV  
  13  0:13  SCV  
  14  0:17  Supply Depot  
  14  0:25  SCV  
  15  0:39  SCV  
  15  0:41  Barracks  
  16  0:45  Refinery  
  16  0:51  SCV  
  17  1:03  SCV  
  18  1:15  SCV  
  19  1:28  Orbital Command  
  19  1:29  Reaper  
  20  1:47  Command Center  
  20  1:56  SCV  
  21  2:04  Barracks  
  21  2:08  SCV  
  22  2:16  Supply Depot  
  22  2:21  SCV  
  23  2:36  Barracks Reactor, Factory  
  23  2:38  SCV  
  23  2:41  Refinery  
  24  2:50  SCV  
  25  3:02  SCV  
  25  3:04  Orbital Command  
  26  3:07  Barracks Tech Lab  
  26  3:14  Marine x2, SCV  
  29  3:26  SCV, Stimpack  
  30  3:29  Starport  
  30  3:35  Marine x2  
  30  3:38  SCV x2  
  30  3:40  Marine  
  34  3:45  Factory Reactor  
  34  3:50  SCV  
  34  3:51  SCV  
  36  3:57  Supply Depot  
  36  3:58  Supply Depot  
  36  4:01  Marine x3  
  39  4:04  SCV x2  
  41  4:16  SCV  
  42  4:19  Marine x3  
  45  4:29  Medivac x2  
  49  4:32  Supply Depot, SCV x2  
  49  4:37  Marine x3  
  54  4:38  Refinery  
  54  4:39  Refinery  
  54  4:42  Engineering Bay  
  54  4:43  Engineering Bay  
  54  4:45  SCV x2  
  56  4:51  Supply Depot  
  56  4:56  Supply Depot  
  56  4:57  Factory Tech Lab, SCV  
  57  5:00  Marine x3  
  60  5:12  Terran Infantry Weapons Level 1  
  60  5:13  Terran Infantry Armor Level 1  
  60  5:16  SCV  
  60  5:17  SCV  
  60  5:18  Marine x3  
  65  5:27  Combat Shield  
  65  5:28  Siege Tank  
  68  5:30  SCV x2  
  70  5:35  Marine  
  70  5:36  Marine x2  
  68  5:50  Medivac x2  
  68  5:53  Marine x3  
  68  5:56  Barracks  
  73  5:57  Barracks  
  73  5:59  Barracks  
  73  6:09  Missile Turret, SCV x2  
  73  6:10  Missile Turret  
  75  6:11  Marine x3  
  69  6:29  Marine x3  
  69  6:32  Missile Turret  
  72  6:33  Missile Turret x2  
  72  6:34  Missile Turret  
  72  6:47  Marine x3  
  72  6:48  Medivac  
  77  6:57  Siege Tank  
  77  6:59  Medivac  
  82  7:01  SCV  
  82  7:04  Marine  
  82  7:05  Marine x2, Barracks Tech Lab  
  82  7:06  Barracks Reactor x2  
  86  7:12  Armory  
  86  7:22  Marine  
  86  7:29  Widow Mine  
  85  7:41  Marine x3  
  85  7:42  Marine x2  
  86  8:04  Supply Depot x2  
  86  8:05  Supply Depot  
  86  8:16  Medivac x2, Marauder, Marine x7, SCV x2  
  86  8:19  Command Center  
  101  8:32  SCV x2, Supply Depot  
  101  8:34  Marine x6, Siege Tank  
  108  8:40  Marauder  
  114  8:41  Marine  
  114  8:44  Terran Infantry Weapons Level 2, SCV  
  116  8:48  Terran Infantry Armor Level 2  
  116  8:51  Marine  
  116  8:52  Marauder  
  119  8:59  Marine  
  119  9:00  Marine x4  
  119  9:01  Marine  
  125  9:08  Siege Tank  
  125  9:09  Marine  
  129  9:10  Medivac  
  129  9:12  Viking  
  129  9:13  Marine  
  134  9:17  Marine x2  
  134  9:19  Supply Depot  
  134  9:22  Supply Depot  
  136  9:24  Marine  
  136  9:25  Marine x3  
  136  9:29  SCV  
  143  9:31  Marauder  
  143  9:37  Refinery  
  144  9:41  Orbital Command  
  143  9:45  Refinery  
  143  10:11  Marauder, Marine x3  
  143  10:12  Marine x4  
  143  10:14  Medivac x2, Siege Tank  
  155  10:20  Barracks x2  
  159  10:29  Marine x4  
  126  10:44  Marine  
  126  10:45  Marauder, Marine x2  
  126  10:47  Marine x4  
  126  10:48  Medivac, Siege Tank  
  120  11:02  Marine  
  116  11:05  Marine  
  116  11:06  Marine  
  111  11:14  Marine x4  
  111  11:15  Marine  
  116  11:18  Barracks Tech Lab x2  
  116  11:20  Marine, Widow Mine  
  116  11:23  Marine x2  
  101  11:29  SCV x3  
  101  11:32  Marine x4  
  106  11:36  Marine  
  106  11:38  Marine  
  106  11:39  Terran Infantry Weapons Level 3  
  110  11:41  Marine, SCV, Widow Mine  
  111  11:49  Command Center  
  102  12:06  Marine, SCV x3  
  102  12:07  Marauder, Marine x4  
  102  12:08  Marauder  
  114  12:15  Marine x3  
  117  12:17  Medivac  
  117  12:18  SCV x2  
  121  12:28  Marine  
  121  12:29  Marauder, Marine x4  
  128  12:38  Marauder x2  
  128  12:39  Marauder  
  128  12:40  Medivac  
  128  12:41  Marine  
  127  12:53  Marauder, Marine  
  127  12:54  Marine x2  
  132  13:00  Marauder x3  
  138  13:10  Command Center  
  138  13:12  Marine x5  
  141  13:14  Marauder  
  141  13:16  SCV x3  
  148  13:21  Marauder  
  150  13:46  Marauder, Marine x6  
  150  13:47  Marine x2  
  147  14:30  SCV x3  
  147  14:31  Marauder, Marine x5  
  152  14:32  Marine  
  155  14:39  Marine x3  
  158  14:49  Marine x4  
  161  15:02  Marine  
  161  15:03  Marauder, Marine x4  
  161  15:07  Marine x3  
Tags
 
Add a new tag
Caveats
  • Supply blocks, unpowered buildings, or Contaminate may cause inaccurate times.
  • Supply counts are checked every 10 seconds.